 Dungeon Crawl Stone Soup version 0.21.2 (webtiles) character file.

1953 Coldstonesans the Fighter (level 8, 0/75 HPs)
             Began as a Minotaur Berserker on Oct 14, 2018.
             Was an Elder of Trog.
             Slain by Joseph
             ... wielding a +0 quarterstaff of protection
              (14 damage)
             ... on level 7 of the Dungeon.
             The game lasted 00:09:24 (4842 turns).

Coldstonesans the Fighter (Minotaur Berserker)      Turns: 4842, Time: 00:09:24

Health: 0/75       AC: 14    Str: 24    XL:     8   Next: 99%
Magic:  7/7        EV:  9    Int:  4    God:    Trog [****..]
Gold:   264        SH:  0    Dex: 10    Spells: 7/7 levels left

rFire    . . .     SeeInvis +   m - +4 quarterstaff (chaos)
rCold    . . .     Gourm    .   (shield currently unavailable)
rNeg     . . .     Faith    .   r - +0 plate armour
rPois    .         Spirit   .   (helmet restricted)
rElec    .         Reflect  .   n - +0 cloak
rCorr    .         Harm     .   (no gloves)
MR       ++...                  (no boots)
Stlth    ..........             (no amulet)
HPRegen  1.22/turn              h - ring of see invisible
MPRegen  0.10/turn              (no ring)

@: berserk cooldown, regenerating, slowed, very slow
A: retaliatory headbutt, horns 2
a: Berserk, Trog's Hand, Brothers in Arms, Burn Spellbooks, Renounce Religion


You were on level 7 of the Dungeon.
You worshipped Trog.
Trog was greatly pleased with you.
You were near starving.

You visited 1 branch of the dungeon, and saw 7 of its levels.

You collected 264 gold pieces.

Inventory:

Hand Weapons
 a - a +0 mace
 m - a +4 quarterstaff of chaos (weapon)
Armour
 b - a +0 animal skin
 n - a +0 cloak (worn)
 r - a +0 plate armour (worn)
Jewellery
 h - a ring of see invisible (left hand)
Scrolls
 d - a scroll of blinking {unknown}
 g - 2 scrolls of amnesia {unknown}
 j - 3 scrolls of enchant armour {unknown}
 k - a scroll of enchant weapon {unknown}
 l - a scroll of magic mapping {unknown}
 o - 6 scrolls of identify {unknown}
 p - a scroll of teleportation {unknown}
 q - 2 scrolls of remove curse {unknown}
 s - a scroll of fog {unknown}
 w - a scroll of fear {unknown}
Potions
 e - 7 potions of curing
 f - a potion of heal wounds {unknown}
 i - 4 potions of cancellation {unknown}
 t - a potion of resistance {unknown}
 u - a potion of flight {unknown}
 v - a potion of agility {unknown}
Comestibles
 c - 8 rations


   Skills:
 * Level 8.3 Fighting
 * Level 8.3 Maces & Flails
 * Level 7.9 Armour
 + Level 5.2 Dodging


You had 7 spell levels left.
You didn't know any spells.

Dungeon Overview and Level Annotations

Branches:
Dungeon (7/15)             Temple (0/1) D:6

Altars:
Ashenzari
Cheibriados
Dithmenos
Elyvilon
Nemelex Xobeh
Ru
Trog
Wu Jian
Xom
Yredelemnul
The Shining One

Annotations:
D:7 Joseph


Innate Abilities, Weirdness & Mutations

You reflexively headbutt those who attack you in melee.
You have a pair of horns on your head.


Message History

Joseph hits you with an uncursed quarterstaff of protection.
Joseph hits you with an uncursed quarterstaff of protection!
* * * LOW HITPOINT WARNING * * *
Your skin crawls.
You feel resistant to hostile enchantments.
You feel somewhat more hungry. Joseph closely misses you.
Joseph completely misses you. You furiously retaliate!
You headbutt Joseph!
A hound comes into view.
The hound barks!
You thump Joseph!
Joseph is severely wounded.
Joseph hits you but does no damage.
Joseph hits you with an uncursed quarterstaff of protection.
* * * LOW HITPOINT WARNING * * *
Joseph closely misses you.
You feel better.
Joseph hits you with an uncursed quarterstaff of protection!
* * * LOW HITPOINT WARNING * * *
Joseph hits you with an uncursed quarterstaff of protection!
You die...

#... #..# ##..#
## ...#
.##.###..#
..#.#....#
#.#>#...h##
#.##(..(@.#
#.##..#..@.##
##.###.##.......
#...##..#..#####
#.........>#
#.<.######.#
##### .# .#


You could see Joseph and a hound.

Vanquished Creatures
  The ghost of antares the Covered, an amateur GnWn (D:3)
  Eustachio (D:6)
  Edmund (D:5)
  2 sky beasts
  A phantom (D:5)
  2 ogres
  A bullfrog (D:6)
  2 scorpions (D:6)
  2 crimson imps (D:6)
  A centaur zombie (D:6)
  2 bullfrog zombies (D:5)
  An orc priest (D:5)
  2 jellies
  6 orc wizards
  Crazy Yiuf (D:2)
  A bullfrog skeleton (D:5)
  2 centaur skeletons (D:5)
  An iguana (D:5)
  4 worker ants
  2 hound skeletons (D:5)
  A howler monkey zombie (D:5)
  4 adders
  2 shadow imps
  3 oozes
  An adder zombie (D:6)
  4 worms
  12 dart slugs
  2 leopard geckos
  16 orcs
  2 ball pythons
  6 giant cockroaches
  5 goblins
  10 hobgoblins
  7 jackals
  4 quokkas
  A ball python skeleton (D:4)
  5 bats
  5 frilled lizards
  8 kobolds
  A leopard gecko zombie (D:5)
  A quokka skeleton (D:4)
  6 rats
142 creatures vanquished.

Notes
Turn   | Place    | Note
-------+----------+-------------------------------------------
     0 | D:1      | Coldstonesans the Minotaur Berserker began the quest for the Orb.
     0 | D:1      | Reached XP level 1. HP: 19/19 MP: 0/0
   506 | D:1      | Reached XP level 2. HP: 27/27 MP: 1/1
  1144 | D:2      | Reached XP level 3. HP: 30/33 MP: 2/2
  1181 | D:2      | Reached ** piety under Trog
  1302 | D:2      | Reached XP level 4. HP: 41/41 MP: 3/3
  1458 | D:2      | Found a runed door.
  1480 | D:2      | Noticed Crazy Yiuf
  1487 | D:2      | Killed Crazy Yiuf
  2045 | D:3      | Noticed antares's ghost (amateur GnWn)
  2057 | D:3      | Killed antares's ghost
  2057 | D:3      | Reached skill level 5 in Fighting
  2057 | D:3      | Reached skill level 5 in Maces & Flails
  2057 | D:3      | Reached XP level 5. HP: 12/48 MP: 4/4
  2057 | D:3      | Reached XP level 6. HP: 15/56 MP: 5/5
  2370 | D:3      | Found a glowing golden altar of the Shining One.
  2405 | D:3      | Found a white marble altar of Elyvilon.
  2450 | D:3      | Found an ornate altar of the Wu Jian Council.
  2734 | D:4      | Found a bloodstained altar of Trog.
  2736 | D:4      | Found a shimmering altar of Xom.
  2738 | D:4      | Found a shadowy altar of Dithmenos.
  2741 | D:4      | Reached *** piety under Trog
  2747 | D:4      | Found a snail-covered altar of Cheibriados.
  2748 | D:4      | Found a shattered altar of Ashenzari.
  2790 | D:4      | Found a sacrificial altar of Ru.
  2884 | D:4      | Reached skill level 5 in Armour
  3230 | D:5      | Entered Level 5 of the Dungeon
  3249 | D:5      | Reached XP level 7. HP: 63/63 MP: 6/6
  3281 | D:5      | Found a snail-covered altar of Cheibriados.
  3320 | D:5      | Noticed Edmund
  3347 | D:5      | Killed Edmund
  3818 | D:5      | Found a sparkling altar of Nemelex Xobeh.
  3892 | D:5      | Reached XP level 8. HP: 66/71 MP: 7/7
  4030 | D:5      | Found a basalt altar of Yredelemnul.
  4305 | D:6      | Noticed Eustachio
  4311 | D:6      | Reached **** piety under Trog
  4315 | D:6      | Killed Eustachio
  4347 | D:6      | Reached skill level 5 in Dodging
  4564 | D:6      | Found a staircase to the Ecumenical Temple.
  4827 | D:7      | Noticed Joseph
  4842 | D:7      | Slain by Joseph

Skill      XL: |  1  2  3  4  5  6  7  8 |
---------------+-------------------------+-----
Maces & Flails | 4 5 6 8 |  8.3
Fighting       | 4 5 6 8 |  8.3
Armour         | 3 4 5 6 7 |  7.9
Dodging        | 3 4 5 |  5.2

Action                   |  1- 3 |  4- 6 |  7- 9 || total
-------------------------+-------+-------+-------++-------
Melee: Mace              |    59 |    27 |       ||    86
       Headbutt          |     8 |    20 |    23 ||    51
       Quarterstaff      |       |    70 |   160 ||   230
Invok: Berserk           |     1 |     1 |     2 ||     4
       Trog's Hand       |       |       |     1 ||     1
  Use: Potion            |       |       |     2 ||     2
 Stab: Paralysed         |       |     2 |     2 ||     4
       Confused          |       |       |     1 ||     1
  Eat: Chunk             |     2 |     1 |     5 ||     8
       Ration            |       |     2 |       ||     2
Armor: Animal skin       |    11 |    11 |       ||    22
       Plate armour      |       |     7 |   130 ||   137
Dodge: Dodged            |    40 |    50 |    70 ||   160
